 Dungeon Crawl Stone Soup version 0.23.1 (webtiles) character file.

Game seed: 11144012042569843038

683 misha the Spear-Bearer (level 7, -5/58 HPs)
             Began as a Merfolk Berserker on Mar 4, 2019.
             Was a Priest of Trog.
             Slain by Prince Ribbit (14 damage)
             ... on level 5 of the Dungeon.
             The game lasted 00:11:36 (5625 turns).

misha the Spear-Bearer (Merfolk Berserker)          Turns: 5625, Time: 00:11:36

Health: -5/58      AC:  8    Str: 19    XL:     7   Next: 61%
Magic:  7/7        EV: 12    Int:  7    God:    Trog [***...]
Gold:   171        SH:  0    Dex: 13    Spells: 6/6 levels left

rFire    . . .     SeeInvis .   a - +0 spear
rCold    . . .     Gourm    .   (no shield)
rNeg     . . .     Faith    .   F - +0 ring mail
rPois    .         Spirit   .   t - +0 helmet
rElec    .         Reflect  .   j - +0 cloak
rCorr    .         Harm     .   (no gloves)
MR       .....                  E - +0 pair of boots
Stlth    +.........             (no amulet)
HPRegen  0.19/turn              h - ring of flight
MPRegen  0.10/turn              (no ring)

@: berserk cooldown, slowed, very slow
A: change form in water, swift swim, stealthy swim
a: Berserk, Trog's Hand, Renounce Religion, Evoke Flight


You were on level 5 of the Dungeon.
You worshipped Trog.
Trog was most pleased with you.
You were near starving.

You visited 1 branch of the dungeon, and saw 5 of its levels.

You collected 171 gold pieces.

Inventory:

Hand Weapons
 a - a +0 spear (weapon)
Missiles
 g - 94 stones (quivered)
 r - 17 poisoned needles
 u - 4 javelins
 v - 16 sling bullets
 A - 4 tomahawks
Armour
 j - a +0 cloak (worn)
 t - a +0 helmet (worn)
 E - a +0 pair of boots (worn)
 F - a +0 ring mail (worn)
Jewellery
 h - a ring of flight (left hand)
Wands
 x - a wand of polymorph (2)
 y - a wand of clouds (5)
Scrolls
 b - a scroll of enchant weapon {unknown}
 d - 6 scrolls of identify {unknown}
 e - 2 scrolls of fog {unknown}
 i - 3 scrolls of remove curse {unknown}
 n - 3 scrolls of amnesia {unknown}
 p - a scroll of fear {unknown}
 B - 2 scrolls of immolation {unknown}
Potions
 f - 4 potions of curing
 k - 2 potions of berserk rage
 l - 2 potions of heal wounds {unknown}
 m - 2 potions of resistance {unknown}
 o - a potion of might {unknown}
 q - 2 potions of lignification {unknown}
 s - a potion of degeneration {unknown}
 w - a potion of magic {unknown}
 z - a potion of flight {unknown}
 C - a potion of invisibility {unknown}
Comestibles
 c - 2 rations


   Skills:
 + Level 6.1 Fighting
 * Level 10.1 Polearms
 - Level 1.4 Armour
 - Level 3.0 Dodging
 - Level 0.2 Stealth


You had 6 spell levels left.
You didn't know any spells.
Your spell library was empty.

Dungeon Overview and Level Annotations

Branches:
Dungeon (5/15)
 Temple: D:4-7

Altars:
Gozag
Nemelex Xobeh

Annotations:
D:5 Prince Ribbit


Message History

A hound zombie comes into view.
Prince Ribbit closely misses you.
The hound zombie bites you but does no damage.
The hound zombie bites you but does no damage.
Prince Ribbit hits you but does no damage.
The hound zombie closely misses you. Prince Ribbit hits you!
* * * LOW HITPOINT WARNING * * *
The hound zombie closely misses you. Prince Ribbit closely misses you.
You are near starving!
Prince Ribbit blinks!
The hound zombie closely misses you.
Prince Ribbit blinks!
The hound zombie barely misses you.
Found a stone staircase leading down.
The hound zombie closely misses you.
The hound zombie bites you but does no damage.
The hound zombie bites you but does no damage.
Found an escape hatch in the ceiling.
You're still recovering from your berserk rage.
It was a potion of curing.
You feel better. Prince Ribbit hits you!
You die...

.......##
........#
......... ..
.>....... ..#
........# ##..#
........##....#
.............#
...?....@.....##
.......FZ......#
................
................
.$..............
.............##
..##.......###
.<##.......#
#.....#..#


You could see Prince Ribbit and a hound zombie.

Vanquished Creatures
  The ghost of Lanoc the Shield-Bearer, an amateur FoFi (D:3)
  A scorpion (D:4)
  An orc priest (D:4)
  2 orc wizards (D:4)
  Jessica (D:2)
  2 iguanas (D:4)
  Ijyb (D:3)
  Terence (D:2)
  A worker ant (D:4)
  Natasha (thrice) (D:3)
  Robin (D:2)
  A howler monkey skeleton (D:4)
  8 adders
  An adder skeleton (D:4)
  A worm (D:3)
  2 leopard geckos
  15 orcs
  8 bats
  2 giant cockroaches
  10 goblins
  6 hobgoblins
  8 kobolds
  5 quokkas
  3 frilled lizards
  11 rats
96 creatures vanquished.

Notes
Turn   | Place    | Note
-------+----------+-------------------------------------------
     0 | D:1      | misha the Merfolk Berserker began the quest for the Orb.
     0 | D:1      | Reached XP level 1. HP: 18/18 MP: 1/1
   258 | D:1      | Reached XP level 2. HP: 24/24 MP: 2/2
   943 | D:2      | Noticed Robin
   963 | D:2      | Reached skill level 5 in Polearms
  1231 | D:2      | Killed Robin
  1231 | D:2      | Reached ** piety under Trog
  1231 | D:2      | Reached XP level 3. HP: 30/30 MP: 3/3
  1324 | D:2      | Reached XP level 4. HP: 28/37 MP: 4/4
  1508 | D:2      | Reached skill level 6 in Polearms
  1721 | D:2      | Noticed Terence
  1726 | D:2      | Noticed Jessica
  1781 | D:2      | Killed Terence
  1785 | D:2      | Killed Jessica
  1785 | D:2      | Reached XP level 5. HP: 4/43 MP: 5/5
  2446 | D:2      | Reached skill level 7 in Polearms
  3062 | D:2      | Found a sparkling altar of Nemelex Xobeh.
  3396 | D:3      | Noticed Natasha
  3402 | D:3      | Found a runed translucent door.
  3408 | D:3      | Killed Natasha
  3418 | D:3      | Noticed Lanoc's ghost (amateur FoFi)
  3431 | D:3      | Noticed Natasha
  3437 | D:3      | Noticed Ijyb
  3453 | D:3      | Killed Natasha
  3461 | D:3      | Killed Ijyb
  3461 | D:3      | Reached skill level 5 in Fighting
  3461 | D:3      | Reached XP level 6. HP: 51/51 MP: 6/6
  3498 | D:3      | Noticed Natasha
  3515 | D:3      | Killed Natasha
  3515 | D:3      | Reached skill level 8 in Polearms
  3971 | D:3      | Found an opulent altar of Gozag.
  4146 | D:3      | Reached *** piety under Trog
  4160 | D:3      | Killed Lanoc's ghost
  4160 | D:3      | Reached skill level 9 in Polearms
  4439 | D:4      | Reached XP level 7. HP: 54/56 MP: 7/7
  5041 | D:4      | Reached skill level 10 in Polearms
  5558 | D:5      | Entered Level 5 of the Dungeon
  5558 | D:5      | Noticed Prince Ribbit
  5619 | D:5      | HP: 2/58 [Prince Ribbit (9)]
  5625 | D:5      | Slain by Prince Ribbit

Skill      XL: |  1  2  3  4  5  6  7 |
---------------+----------------------+-----
Dodging        | 3 |  3.0
Polearms       | 5 6 7 9 10 | 10.1
Fighting       | 4 5 6 |  6.1
Armour         | |  1.4
Stealth        | |  0.2

Action                   |  1- 3 |  4- 6 |  7- 9 || total
-------------------------+-------+-------+-------++-------
Melee: Spear             |    93 |   251 |   163 ||   507
Invok: Berserk           |       |     4 |     2 ||     6
  Use: Potion            |       |       |     1 ||     1
 Stab: Sleeping          |     2 |     3 |       ||     5
       Distracted        |       |     1 |       ||     1
  Eat: Chunk             |     1 |     5 |     3 ||     9
       Ration            |       |     2 |     1 ||     3
Armor: Animal skin       |    12 |    23 |       ||    35
       Skin              |       |     1 |       ||     1
       Chain mail        |       |     3 |    34 ||    37
       Ring mail         |       |       |    12 ||    12
Dodge: Dodged            |    26 |    88 |    36 ||   150
